[ AOE2 MATCH · #505729254 ]
UnrankedKoreans vs Burgundians
Player's team · LOSS
[ REPLAY ANALYSIS · EXTRACTED FROM THE RECORDED GAME ]
Feudal
8:59
Castle
27:57
Imperial
—
| APM avg | 40.0 |
| APM peak | 69 |
| eAPM avg | 24.7 |
| Villagers / military | 84 / 42 |
Focus
⚔️ 33.4% · 🌾 66.6%
Archer ×16 · War Wagon ×14 · Battering Ram ×7 · Monk ×4 · Iron Pagoda ×1
Feudal
11:54
Castle
16:02
Imperial
32:47
| APM avg | 40.1 |
| APM peak | 66 |
| eAPM avg | 24.5 |
| Villagers / military | 135 / 75 |
Focus
⚔️ 47.2% · 🌾 52.8%
Skirmisher ×43 · Flemish Militia ×15 · Coustillier ×6 · Monk ×3 · Mangonel ×3 · Battering Ram ×3
Match map
Initial resources + every placement click. Lines = walls · curves = elevation contours. ◆ gold · ⬟ stone · ● berries · ✦ relic · ◌ wall gap
Your base· ✓ Closed at 27:57 · 1t walls · 3 gate(s)
Hana's base· ✓ Closed at 16:02 · 34t walls · 2 gate(s)
Smoothed initial terrain · ◌ = detected wall gap · hover for details
Inputs per minute
— agrippa_rawrr - - Hana
Build order — agrippa_rawrr
First 150 of 239 actions detected
| 0:00 | Queue | Villager (Male) |
| 0:02 | Build | House |
| 0:04 | Build | House |
| 0:06 | Queue | Villager (Male) |
| 0:21 | Queue | Villager (Male) |
| 0:48 | Queue | Villager (Male) |
| 1:29 | Queue | Villager (Male) |
| 1:53 | Build | Lumber Camp |
| 2:01 | Queue | Villager (Male) |
| 2:16 | Queue | Villager (Male) |
| 2:50 | Queue | Villager (Male) |
| 3:07 | Queue | Villager (Male) |
| 3:41 | Queue | Villager (Male) |
| 3:44 | Build | House |
| 4:07 | Queue | Villager (Male) |
| 4:24 | Queue | Villager (Male) |
| 4:46 | Build | Mill |
| 4:53 | Queue | Villager (Male) |
| 5:07 | Queue | Villager (Male) |
| 5:24 | Queue | Villager (Male) |
| 5:31 | Build | House |
| 5:43 | Queue | Villager (Male) |
| 5:45 | Research | Loom |
| 6:49 | Research | Feudal Age |
| 7:35 | Build | Mining Camp |
| 7:45 | Build | House |
| 8:08 | Queue | Villager (Male) |
| 8:36 | Build | House |
| 8:45 | Queue | Villager (Male) |
| 8:57 | Build | Palisade Gate |
| 8:59 | Age | Feudal Age |
| 9:04 | Build | Watch Tower |
| 9:13 | Queue | Villager (Male) |
| 9:22 | Build | Blacksmith |
| 10:09 | Research | Fletching |
| 10:14 | Build | House |
| 10:15 | Build | Palisade Wall |
| 10:22 | Queue | Villager (Male) |
| 11:06 | Build | Watch Tower |
| 11:07 | Queue | Villager (Male) |
| 11:35 | Queue | Villager (Male) |
| 11:50 | Build | Farm |
| 11:50 | Build | Farm |
| 12:16 | Queue | Villager (Male) |
| 12:21 | Build | Mill |
| 12:26 | Build | Barracks |
| 12:47 | Queue | Villager (Male) |
| 13:12 | Queue | Villager (Male) |
| 13:15 | Build | Archery Range |
| 13:25 | Queue | Villager (Male) |
| 13:32 | Build | Mill |
| 13:49 | Build | Outpost |
| 13:58 | Build | Watch Tower |
| 14:21 | Queue | Villager (Male) |
| 14:50 | Queue | Villager (Male) |
| 14:58 | Build | Mining Camp |
| 15:17 | Queue | Villager (Male) |
| 15:32 | Build | Watch Tower |
| 15:41 | Queue | Villager (Male) |
| 15:51 | Build | House |
| 15:51 | Build | House |
| 16:04 | Queue | Villager (Male) |
| 16:16 | Queue | Archer |
| 16:16 | Queue | Archer |
| 16:32 | Queue | Villager (Male) |
| 16:50 | Build | Watch Tower |
| 16:55 | Queue | Archer |
| 16:55 | Queue | Archer |
| 17:03 | Queue | Villager (Male) |
| 17:05 | Build | Farm |
| 17:06 | Build | Farm |
| 17:07 | Build | Farm |
| 17:25 | Build | House |
| 17:30 | Build | House |
| 17:35 | Queue | Villager (Male) |
| 18:15 | Queue | Archer |
| 18:18 | Queue | Villager (Male) |
| 18:30 | Queue | Archer |
| 18:30 | Queue | Archer |
| 18:36 | Queue | Villager (Male) |
| 18:46 | Queue | Villager (Male) |
| 19:23 | Queue | Villager (Male) |
| 19:23 | Queue | Villager (Male) |
| 19:36 | Queue | Villager (Male) |
| 19:54 | Queue | Villager (Male) |
| 19:59 | Build | Watch Tower |
| 20:01 | Build | Watch Tower |
| 20:07 | Build | Archery Range |
| 20:15 | Queue | Villager (Male) |
| 20:21 | Build | Farm |
| 20:22 | Build | Farm |
| 20:28 | Build | House |
| 20:53 | Queue | Villager (Male) |
| 21:11 | Queue | Archer |
| 21:11 | Queue | Archer |
| 21:15 | Build | House |
| 21:16 | Build | Farm |
| 21:19 | Queue | Villager (Male) |
| 21:22 | Build | House |
| 22:12 | Queue | Archer |
| 22:12 | Queue | Archer |
| 22:12 | Queue | Archer |
| 22:29 | Build | Watch Tower |
| 22:29 | Queue | Villager (Male) |
| 22:30 | Queue | Villager (Male) |
| 22:38 | Build | Farm |
| 22:39 | Build | Farm |
| 22:46 | Queue | Villager (Male) |
| 23:16 | Queue | Villager (Male) |
| 23:19 | Build | Farm |
| 23:21 | Build | Farm |
| 23:26 | Research | Double-Bit Axe |
| 24:12 | Queue | Villager (Male) |
| 24:34 | Build | Watch Tower |
| 24:39 | Build | Market |
| 24:46 | Build | Mining Camp |
| 24:51 | Queue | Archer |
| 24:51 | Queue | Archer |
| 24:55 | Build | House |
| 25:17 | Research | Castle Age |
| 25:22 | Research | Horse Collar |
| 25:29 | Research | Stone Mining |
| 25:41 | Build | House |
| 25:56 | Build | Watch Tower |
| 26:08 | Queue | Villager (Male) |
| 26:18 | Research | Gold Mining |
| 26:21 | Build | Lumber Camp |
| 26:44 | Build | Farm |
| 26:45 | Build | Farm |
| 27:40 | Queue | Villager (Male) |
| 27:43 | Queue | Archer |
| 27:43 | Queue | Archer |
| 27:57 | Research | Wheelbarrow |
| 27:57 | Age | Castle Age |
| 28:09 | Queue | Villager (Male) |
| 28:24 | Build | Siege Workshop |
| 28:54 | Queue | Villager (Male) |
| 28:59 | Build | Castle |
| 29:17 | Build | Watch Tower |
| 29:18 | Research | Bodkin Arrow |
| 29:19 | Queue | Villager (Male) |
| 30:15 | Queue | War Wagon |
| 30:15 | Queue | War Wagon |
| 30:15 | Queue | War Wagon |
| 30:20 | Build | Mining Camp |
| 30:34 | Research | Bow Saw |
| 30:35 | Queue | Villager (Male) |
| 30:35 | Queue | Villager (Male) |
| 30:41 | Build | Monastery |
| 30:44 | Build | Farm |
Build order — Hana
First 150 of 347 actions detected
| 0:00 | Queue | Villager (Male) |
| 0:00 | Queue | Villager (Male) |
| 0:02 | Build | House |
| 0:03 | Build | House |
| 0:04 | Queue | Villager (Male) |
| 0:04 | Queue | Villager (Male) |
| 1:34 | Queue | Villager (Male) |
| 2:00 | Queue | Villager (Male) |
| 2:04 | Build | Lumber Camp |
| 2:18 | Queue | Villager (Male) |
| 2:43 | Queue | Villager (Male) |
| 2:43 | Queue | Villager (Male) |
| 3:06 | Research | Double-Bit Axe |
| 3:21 | Queue | Villager (Male) |
| 3:21 | Queue | Villager (Male) |
| 3:41 | Queue | Villager (Male) |
| 3:54 | Build | House |
| 3:55 | Build | House |
| 3:57 | Build | House |
| 4:12 | Queue | Villager (Male) |
| 4:40 | Queue | Villager (Male) |
| 4:53 | Build | Mill |
| 5:06 | Queue | Villager (Male) |
| 5:34 | Queue | Villager (Male) |
| 5:48 | Build | Mill |
| 5:58 | Queue | Villager (Male) |
| 6:17 | Queue | Villager (Male) |
| 6:32 | Queue | Villager (Male) |
| 6:53 | Queue | Villager (Male) |
| 7:05 | Research | Horse Collar |
| 7:10 | Build | Farm |
| 7:12 | Queue | Villager (Male) |
| 7:18 | Build | Farm |
| 7:54 | Queue | Villager (Male) |
| 7:57 | Build | Farm |
| 8:20 | Build | Farm |
| 8:25 | Queue | Villager (Male) |
| 8:26 | Queue | Villager (Male) |
| 8:26 | Queue | Villager (Male) |
| 9:07 | Queue | Villager (Male) |
| 9:15 | Research | Loom |
| 9:25 | Build | Palisade Wall |
| 9:31 | Build | Palisade Wall |
| 9:34 | Research | Feudal Age |
| 9:49 | Build | Palisade Wall |
| 9:51 | Build | Palisade Wall |
| 9:53 | Build | Palisade Wall |
| 10:09 | Build | Mining Camp |
| 10:19 | Build | Palisade Wall |
| 10:27 | Build | Palisade Wall |
| 10:33 | Build | Palisade Wall |
| 10:34 | Build | Palisade Wall |
| 10:35 | Build | Palisade Wall |
| 10:40 | Build | Palisade Wall |
| 10:41 | Build | Palisade Wall |
| 10:44 | Build | Palisade Wall |
| 11:37 | Queue | Villager (Male) |
| 11:54 | Age | Feudal Age |
| 12:02 | Build | Market |
| 12:07 | Build | Blacksmith |
| 12:17 | Build | Stone Wall |
| 12:21 | Queue | Villager (Male) |
| 12:53 | Build | Barracks |
| 13:22 | Research | Castle Age |
| 13:26 | Build | Barracks |
| 13:34 | Build | House |
| 13:35 | Build | House |
| 13:37 | Build | Palisade Wall |
| 13:43 | Build | House |
| 13:45 | Build | House |
| 14:05 | Research | Scale Mail Armor |
| 14:37 | Build | Palisade Wall |
| 14:46 | Queue | Flemish Militia |
| 14:47 | Queue | Flemish Militia |
| 14:52 | Build | Farm |
| 14:56 | Build | Farm |
| 14:59 | Build | Farm |
| 15:00 | Build | Farm |
| 15:13 | Build | Farm |
| 15:23 | Queue | Flemish Militia |
| 15:25 | Queue | Villager (Male) |
| 15:32 | Build | Farm |
| 15:36 | Build | Farm |
| 16:02 | Age | Castle Age |
| 16:06 | Build | Siege Workshop |
| 16:12 | Queue | Villager (Male) |
| 16:33 | Queue | Battering Ram |
| 16:41 | Queue | Villager (Male) |
| 17:04 | Queue | Villager (Male) |
| 17:15 | Queue | Flemish Militia |
| 17:15 | Queue | Flemish Militia |
| 17:58 | Queue | Villager (Male) |
| 18:01 | Build | Town Center |
| 18:18 | Queue | Villager (Male) |
| 18:26 | Queue | Villager (Male) |
| 18:35 | Queue | Flemish Militia |
| 18:35 | Queue | Flemish Militia |
| 18:48 | Queue | Villager (Male) |
| 19:09 | Queue | Villager (Male) |
| 19:18 | Build | Monastery |
| 19:19 | Queue | Villager (Male) |
| 19:28 | Queue | Villager (Male) |
| 19:39 | Queue | Villager (Male) |
| 19:44 | Build | Farm |
| 19:45 | Queue | Mangonel |
| 19:56 | Queue | Trade Cart |
| 19:56 | Queue | Villager (Male) |
| 20:06 | Build | Farm |
| 20:09 | Queue | Monk |
| 20:21 | Queue | Villager (Male) |
| 20:31 | Queue | Villager (Male) |
| 20:56 | Queue | Villager (Male) |
| 20:56 | Queue | Villager (Male) |
| 21:09 | Build | House |
| 21:10 | Build | House |
| 21:22 | Build | Town Center |
| 21:27 | Queue | Villager (Male) |
| 21:54 | Queue | Villager (Male) |
| 22:13 | Queue | Battering Ram |
| 22:14 | Queue | Villager (Male) |
| 22:31 | Queue | Villager (Male) |
| 22:40 | Build | Farm |
| 22:40 | Build | Farm |
| 22:40 | Build | Farm |
| 22:41 | Build | Farm |
| 22:41 | Build | Farm |
| 22:41 | Build | Farm |
| 22:41 | Build | Farm |
| 22:52 | Queue | Villager (Male) |
| 23:09 | Build | Farm |
| 23:10 | Build | Farm |
| 23:10 | Build | Farm |
| 23:10 | Build | Farm |
| 23:10 | Build | Farm |
| 23:10 | Build | Farm |
| 23:11 | Build | Farm |
| 23:11 | Build | Farm |
| 23:11 | Build | Farm |
| 23:17 | Queue | Villager (Male) |
| 23:29 | Queue | Villager (Male) |
| 23:29 | Queue | Villager (Male) |
| 23:46 | Queue | Villager (Male) |
| 23:51 | Build | Farm |
| 23:51 | Build | Farm |
| 23:52 | Build | Farm |
| 23:52 | Build | Farm |
| 23:52 | Build | Farm |
| 23:52 | Build | Farm |
| 23:55 | Queue | Villager (Male) |
| 24:13 | Queue | Villager (Male) |
Match timeline
| 8:59 | agrippa_rawrr · age_up feudal |
| 9:25 | Hana · wall_segment Palisade Wall x6 |
| 9:31 | Hana · wall_segment Palisade Wall x6 |
| 9:49 | Hana · wall_segment Palisade Wall x1 |
| 9:51 | Hana · wall_segment Palisade Wall x1 |
| 9:53 | Hana · wall_segment Palisade Wall x1 |
| 10:15 | agrippa_rawrr · wall_segment Palisade Wall x1 |
| 10:19 | Hana · wall_segment Palisade Wall x4 |
| 10:27 | Hana · wall_segment Palisade Wall x1 |
| 10:33 | Hana · wall_segment Palisade Wall x1 |
| 10:34 | Hana · wall_segment Palisade Wall x1 |
| 10:35 | Hana · wall_segment Palisade Wall x1 |
| 10:40 | Hana · wall_segment Palisade Wall x1 |
| 10:41 | Hana · wall_segment Palisade Wall x1 |
| 10:44 | Hana · wall_segment Palisade Wall x7 |
| 11:54 | Hana · age_up feudal |
| 12:17 | Hana · wall_segment Stone Wall x1 |
| 12:26 | agrippa_rawrr · first_building Barracks |
| 12:53 | Hana · first_building Barracks |
| 13:12 | Hana · first_market_buy 100 food |
| 13:13 | Hana · first_market_sell 100 wood |
| 13:15 | agrippa_rawrr · first_building Archery Range |
| 13:37 | Hana · wall_segment Palisade Wall x1 |
| 14:37 | Hana · wall_segment Palisade Wall x1 |
| 16:02 | Hana · age_up castle |
| 16:06 | Hana · first_building Siege Workshop |
| 19:18 | Hana · first_building Monastery |
| 25:16 | agrippa_rawrr · first_market_buy 100 food |
| 25:16 | Hana · wall_segment Palisade Wall x1 |
| 27:57 | agrippa_rawrr · age_up castle |
| 28:24 | agrippa_rawrr · first_building Siege Workshop |
| 28:50 | Hana · first_building Castle |
| 28:59 | agrippa_rawrr · first_building Castle |
| 30:41 | agrippa_rawrr · first_building Monastery |
| 31:21 | Hana · first_building Archery Range |
| 32:47 | Hana · age_up imperial |
| 33:09 | agrippa_rawrr · first_building Stable |
| 39:35 | agrippa_rawrr · resign |
[ AI ANALYSIS · 1 CREDIT ]
What really happened in this match?
Wolo.gg analyzes every decision: build order, eco, micro, common mistakes by bracket. Personalized analysis on WhatsApp or Discord in 30 seconds.
Civ guide
Koreans
Perfil
Jugador #249250